AoeStats
← Thomsen

Arabia

503420590Analyzed
2v2 RM · 1mo ago on Aug 31, 2026· 15m 19s· 4 players
Game mode
Random Map
Map size
Medium (4 player)
Population
200
Speed
Normal
Resources
Standard
Victory
Conquest
Starting age
Dark Age
Ending age
Imperial Age
RankedLock teamsTeams togetherTeam positionsShared explorationLock speedFull tech treeHidden civsTurbo modeCheats
Victory
Defeat
🇺🇸 Cumans · United States
1029
+10
🇩🇰 Bohemians · Denmark
963
+13
🇹🇷 Inca · Türkiye
918
-12
🇲🇽 Magyars · Mexico
888
-11
BerkO76567
11:15 Feudal Age
11:23 Champi Runner
11:49 Arson
j.quintero_1988
1:30 Loom
11:18 Feudal Age
11:41 Horse Collar
12:51 Double-Bit Axe
14:23 Scale Mail Armor
cjblikstad
1:01 Loom
11:00 Feudal Age
12:47 Wheelbarrow
13:15 Forging
12:54 Man-at-Arms
Thomsen
10:25 Feudal Age
11:07 Horse Collar
11:34 Double-Bit Axe
14:05 Forging
15:35 Scale Barding Armor
Connection lost

Rejoining the realm…

Still unreachable

The connection could not be restored.

Session expired

The server has moved on; the page needs a fresh start.